 Dungeon Crawl Stone Soup version 0.25-a0-424-g80bd347ae0 (webtiles) character file.

Game seed: 11539869820791888720, levelgen mode: classic

154 EnegeticOcto the Poker (level 5, 0/41 HPs)
             Began as a Merfolk Gladiator on Jan 21, 2020.
             Succumbed to a kobold's poison
             ... on level 3 of the Dungeon.
             The game lasted 00:02:11 (2182 turns).

EnegeticOcto the Poker (Merfolk Gladiator)          Turns: 2182, Time: 00:02:12

Health: 0/41       AC:  7    Str: 15    XL:     5   Next: 36%
Magic:  5/5        EV: 13    Int:  8    God:
Gold:   88         SH:  0    Dex: 15    Spells: 4/4 levels left

rFire    . . .     SeeInvis .   a - +0 trident
rCold    . . .     Gourm    .   (no shield)
rNeg     . . .     Faith    .   l - +0 ring mail
rPois    .         Spirit   .   c - +0 helmet
rElec    .         Reflect  .   (no cloak)
rCorr    .         Harm     .   (no gloves)
MR       .....                  g - +0 pair of boots
Stlth    +.........             (no amulet)
HPRegen  0.13/turn              (no ring)
MPRegen  0.09/turn              (no ring)

@: lethally poisoned (0 -> -24)
A: change form in water, swift swim, stealthy swim
a: no special abilities


You were on level 3 of the Dungeon.
You were not hungry.

You visited 1 branch of the dungeon, and saw 3 of its levels.

You collected 88 gold pieces.

Inventory:

Hand Weapons
 a - a +0 trident (weapon)
Missiles
 d - 3 throwing nets (quivered) {!f}
 j - 11 poisoned darts
Armour
 c - a +0 helmet (worn)
 g - a +0 pair of boots (worn)
 l - a +0 ring mail (worn)
Wands
 o - a wand of iceblast (7)
Scrolls
 f - 2 scrolls of identify {@r1}
 i - a scroll of fog {!r}
 k - a scroll of enchant weapon
 m - a scroll of immolation {unknown}
 n - a scroll of magic mapping {unknown}
Potions
 h - a potion of haste {@q4 !q}
Comestibles
 b - 12 chunks of flesh
 e - 4 rations


   Skills:
 + Level 3.3 Fighting
 * Level 6.6 Polearms
 - Level 2.0 Throwing
 + Level 0.7 Armour
 + Level 5.0 Dodging


You had 4 spell levels left.
You didn't know any spells.
Your spell library was empty.

Dungeon Overview and Level Annotations

Branches:
Dungeon (3/15)

Altars:
Cheibriados
Makhleb
Sif Muna
Vehumet

Annotations:
D:3 Natasha


Message History

Press: ? - help, Dir - move target cursor, f/p - kobold
Aim: a kobold, wielding a +0 club and quivering 4 poisoned darts (severely wounded)
You reach to attack!
You barely miss the kobold.
The kobold is severely wounded.
You feel sick.
Natasha hisses angrily.
The kobold throws a poisoned dart.
The poisoned dart barely misses you.
The kobold throws a poisoned dart.
The poisoned dart hits you!
You are more poisoned.
Natasha mumbles some strange words.
Attack whom?
Press: ? - help, Dir - move target cursor, f/p - kobold
Aim: a kobold, wielding a +0 club and quivering 3 poisoned darts (severely wounded)
You reach to attack!
You miss the kobold.
The kobold is severely wounded.
You feel sick.
The kobold throws a poisoned dart.
The poisoned dart hits you!
You are more poisoned.
Natasha casts a spell.
The kobold throws a poisoned dart.
The poisoned dart hits you!
You are lethally poisoned!
Something shouts, "Begone, thou churlish tickle-brained apple-john!"
Attack whom?
Press: ? - help, Dir - move target cursor, f/p - kobold
Aim: a kobold, wielding a +0 club and quivering 2 poisoned darts (severely wounded)
You reach to attack!
You miss the kobold.
The kobold is severely wounded.
You feel very sick.
You barely miss the kobold.
You feel sick. The kobold hits you.
You closely miss the kobold.
You feel very sick.
Natasha mumbles some strange words.
The kobold misses you.
You hit the kobold but do no damage.
You feel sick. The kobold closely misses you.
You hit the kobold.
The kobold is severely wounded.
You feel sick.
The crimson imp lashes its tail.
You are too injured to fight recklessly!
You are too injured to fight recklessly!
You are too injured to fight recklessly!
You feel very sick.
You are too injured to fight recklessly!
You are too injured to fight recklessly!
You are too injured to fight recklessly!
You are too injured to fight recklessly!
You are too injured to fight recklessly!
You are too injured to fight recklessly!
You are too injured to fight recklessly!
You miss the kobold.
You feel sick. The kobold hits you but does no damage.
Okay, then.
Okay, then.
You hit the kobold.
You kill the kobold!
You feel sick.
The kobold throws a poisoned dart.
The poisoned dart hits you!
You are more poisoned.
The kobold throws a poisoned dart.
The poisoned dart hits you!
You are more poisoned.
You feel very sick. The kobold barely misses you.
The kobold hits you but does no damage.
The crimson imp blinks!
Things that are here:
a +0 short sword; 8 poisoned darts You hit the kobold.
You kill the kobold!
You feel very sick. The kobold hits you but does no damage.
You hit the kobold.
You kill the kobold!
* * * LOW HITPOINT WARNING * * *
You feel very sick.
You hit the kobold.
You kill the kobold!
* * * LOW HITPOINT WARNING * * *
You feel very sick.
The white imp disappears for a moment.
The kobold throws a poisoned dart.
The poisoned dart closely misses you.
* * * LOW HITPOINT WARNING * * *
You feel sick.
You see here 2 poisoned darts.
Attack whom?
Press: ? - help, Dir - move target cursor, f - kobold
Aim: a kobold, quivering 2 poisoned darts You reach to attack!
You barely miss the kobold.
* * * LOW HITPOINT WARNING * * *
You feel sick.
The kobold throws a poisoned dart.
The poisoned dart closely misses you.
Attack whom?
Press: ? - help, Dir - move target cursor, f/p - kobold
Aim: a kobold, quivering a poisoned dart You reach to attack!
Your ring mail prevents you from hitting the kobold.
* * * LOW HITPOINT WARNING * * *
You feel sick.
The kobold throws a poisoned dart.
The poisoned dart barely misses you.
Attack whom?
Press: ? - help, Dir - move target cursor, f/p - kobold
Aim: a kobold You reach to attack!
You hit the kobold but do no damage.
You die...

## ###......#.#.#.##.
#..........#......
#........#.#......
#.#.########.....#
...#####.#..........#'###
.........############รท#
# #######.## #.# # #..#
#.# # K ####@# #.# #
h...#5.#)# #.# #
....5.5K(# #.# #
....#%5### #.# . ### #.#


You could see a white imp and a kobold.

Vanquished Creatures
  A hound (D:2)
  Jessica (D:2)
  Natasha (D:3)
  An adder (D:2)
  A worm (D:2)
  3 dart slugs (D:1)
  8 bats
  A giant cockroach (D:2)
  10 goblins
  7 hobgoblins
  4 jackals (D:3)
  4 frilled lizards
  7 kobolds
  7 rats
56 creatures vanquished.

Notes
Turn   | Place    | Note
-------+----------+-------------------------------------------
     0 | D:1      | EnegeticOcto the Merfolk Gladiator began the quest for the
                  | Orb.
     0 | D:1      | Reached XP level 1. HP: 16/16 MP: 1/1
   144 | D:1      | Reached XP level 2. HP: 23/23 MP: 2/2
   219 | D:1      | Reached skill level 5 in Polearms
   284 | D:1      | Found a snail-covered altar of Cheibriados.
   390 | D:1      | Reached XP level 3. HP: 28/28 MP: 3/3
   652 | D:2      | Noticed Jessica
   657 | D:2      | Killed Jessica
   669 | D:2      | Reached XP level 4. HP: 27/34 MP: 4/4
   996 | D:2      | Found a radiant altar of Vehumet.
  1126 | D:2      | Reached skill level 6 in Polearms
  1131 | D:2      | Found a burning altar of Makhleb.
  1872 | D:3      | Reached XP level 5. HP: 41/41 MP: 5/5
  1872 | D:3      | Noticed Natasha
  1886 | D:3      | Killed Natasha
  1886 | D:3      | Reached skill level 5 in Dodging
  2124 | D:3      | Found a shimmering blue altar of Sif Muna.
  2158 | D:3      | Noticed Natasha
  2181 | D:3      | HP: 2/41 [poisoned by a kobold]
  2182 | D:3      | Succumbed to a kobold's poison

Levels and vault maps discovered:
D:1:      dpeg_arrival_simpleton_a, layout_basic, cheibriados_altar_1
D:2:      layout_basic, nicolae_overflow_crystal_walls,
          makhleb_heckhound_becter, uniq_jessica
D:3:      layout_basic, nicolae_overflow_hidden_temple, lemuel_doored_altar,
          st_stairs_6, minmay_misc_feat_diagonals, minmay_misc_feat_rows,
          minmay_goblin_kobold_house, uniq_natasha, uniq_sigmund

Skill      XL: |  1  2  3  4  5 |
---------------+----------------+-----
Polearms       | 5 6 |  6.6
Fighting       | 3 |  3.3
Dodging        | 5 |  5.0
Throwing       | |  2.0
Armour         | |  0.7

Action                   |  1- 3 |  4- 6 || total
-------------------------+-------+-------++-------
Melee: Trident           |    63 |   125 ||   188
Throw: Throwing net      |       |     2 ||     2
  Use: Scroll            |     1 |     2 ||     3
 Stab: Sleeping          |     1 |     1 ||     2
  Eat: Chunk             |       |     4 ||     4
Armor: Leather armour    |    11 |     7 ||    18
       Ring mail         |       |    14 ||    14
Dodge: Dodged            |    32 |    68 ||   100

Table legend:
 A = Non-vault XP
 B = Vault XP
 C = Vault XP percentage of total XP
 D = Non-vault monster count
 E = Vault monster count
 F = Vault count percentage of total count
                 A         B        C        D         E       F
            +---------+---------+-------+---------+---------+-------
      Total |      96 |     125 |  56.6 |      47 |       9 |  16.1
            +---------+---------+-------+---------+---------+-------
        D:1 |      40 |       0 |   0.0 |      22 |       0 |   0.0
        D:2 |      32 |      82 |  71.9 |      12 |       2 |  14.3
        D:3 |      24 |      43 |  64.2 |      13 |       7 |  35.0
            +---------+---------+-------+---------+---------+-------
